 Dungeon Crawl Stone Soup version 0.28.0-47-ge53b351184 (webtiles) character file.

Game seed: 11156918948311153168

203 bobregger the Skirmisher (level 5, -1/59 HPs)
             Began as an Ogre Berserker on Apr 30, 2022.
             Was a Believer of Trog.
             Slain by a white imp (4 damage)
             ... summoned by Eustachio
             ... on level 3 of the Dungeon.
             The game lasted 00:05:23 (3353 turns).

bobregger the Skirmisher (Ogre Berserker)           Turns: 3353, Time: 00:05:24

Health: -1/59      AC:  3    Str: 21    XL:     5   Next: 81%
Magic:  5/5        EV: 10    Int:  8    God:    Trog [**....]
Gold:   153        SH:  0    Dex: 10    Spells: 4/4 levels left

rFire   . . .      SeeInvis .   a - +0 mace
rCold   . . .      Faith    .   (no shield)
rNeg    . . .      Spirit   .   b - +0 animal skin
rPois   +          Reflect  .   (helmet restricted)
rElec   .          Harm     .   (no cloak)
rCorr   .          Rampage  .   (gloves unavailable)
Will    +++..                   (boots unavailable)
Stlth   +.........              (no amulet)
HPRegen 1.19/turn               e - ring of poison resistance
MPRegen 0.09/turn               o - ring of willpower

@: strong-willed, on berserk cooldown, regenerating, slowed, very slow
A: large, unfitting armour, tough skin 1
a: Renounce Religion, Berserk, Trog's Hand


You were on level 3 of the Dungeon.
You worshipped Trog.
Trog was pleased with you.
You visited 1 branch of the dungeon, and saw 4 of its levels.

You collected 153 gold pieces.

Inventory:

Hand Weapons
 a - a +0 mace (weapon)
 p - a +0 giant spiked club
Armour
 b - a +0 animal skin (worn)
Jewellery
 e - a ring of poison resistance (left hand)
 o - a ring of willpower (right hand)
Wands
 n - a wand of polymorph (4)
Scrolls
 f - 2 scrolls of fog {unknown}
 g - a scroll of noise {unknown}
 h - 2 scrolls of identify {unknown}
 i - a scroll of torment {unknown}
 m - a scroll of teleportation {unknown}
Potions
 c - 2 potions of mutation {unknown}
 d - 4 potions of lignification {unknown}
 j - 2 potions of cancellation {unknown}
 k - 2 potions of curing
 l - a potion of might {unknown}


   Skills:
 * Level 6.1 Fighting
 + Level 3.4 Maces & Flails
 * Level 4.1 Dodging


You had 4 spell levels left.
You didn't know any spells.
Your spell library was empty.

Dungeon Overview and Level Annotations

Branches:
Dungeon (4/15)             Temple (0/1) D:4

Altars:

Annotations:
D:3 Eustachio


Innate Abilities, Weirdness & Mutations

You are too large for most types of armour.
You have tough skin. (AC +1)


Message History

You feel yourself slow down. The bat hits you but does no damage.
Things that are here:
a +0 leather armour; a +0 hand axe Your skin crawls.
You feel strong-willed. The bat hits you but does no damage. x2
Eustachio asks, "How can you live without manners, virtues and honour?"
Eustachio mumbles some strange words.
The river rat bites you! The bat barely misses you.
You hit Eustachio.
Eustachio is severely wounded.
The bat hits you but does no damage. The river rat bites you. x2
Eustachio hits you with a +0 rapier. The white imp barely misses you.
The river rat bites you. The river rat barely misses you.
You closely miss Eustachio.
Eustachio is severely wounded.
The bat hits you but does no damage.
Eustachio casts a spell.
Eustachio blinks!
The crimson imp blinks!
The white imp barely misses you. The ufetubus closely misses you.
The ufetubus misses you. The river rat bites you.
The river rat closely misses you. The white imp barely misses you.
The ufetubus hits you.
* * * LOW HITPOINT WARNING * * *
The ufetubus hits you.
* * * LOW HITPOINT WARNING * * *
The bat closely misses you. The bat hits you.
* * * LOW HITPOINT WARNING * * *
The ufetubus closely misses you. The ufetubus hits you.
* * * LOW HITPOINT WARNING * * *
The white imp gestures at you. The puff of frost hits you.
* * * LOW HITPOINT WARNING * * *
Eustachio mumbles some strange words.
Eustachio blinks!
The river rat closely misses you. The ufetubus hits you.
* * * LOW HITPOINT WARNING * * *
The ufetubus barely misses you. The river rat barely misses you.
The bat hits you.
* * * LOW HITPOINT WARNING * * *
The white imp hits you.
You die...

# #######.. # ######### ######..
###### #.@.....# #....... #....#
#.......# #....... #....#
#.......# #....... #....#
#.......# ###....... #....#
#.......# #.........
#####....####.>r5§..######.......
...(..........5b@§..............<
#####....####..r5...######.######
#....# ######### ####.######
###### #....#..... #<####.####
#.# #.# #.# #.# #.# #.# #.# #.#


You could see Eustachio, a crimson imp (summoned), 2 river rats, a white imp
(summoned), an ufetubus (summoned) and a bat (summoned).

Vanquished Creatures
  An ogre (D:4)
  4 gnolls (D:3)
  2 adders
  A worm (D:3)
  3 dart slugs
  2 orcs (D:3)
  7 bats
  6 endoplasms
  A giant cockroach (D:1)
  3 goblins
  3 hobgoblins
  3 kobolds (D:1)
  2 quokkas
  8 ball pythons
  7 frilled lizards
  3 rats
56 creatures vanquished.

Notes
Turn   | Place    | Note
-------+----------+-------------------------------------------
     0 | D:1      | bobregger the Ogre Berserker began the quest for the Orb.
     0 | D:1      | Reached XP level 1. HP: 24/24 MP: 1/1
   205 | D:1      | Found a faded altar of an unknown god.
   326 | D:1      | Reached XP level 2. HP: 31/32 MP: 2/2
  1154 | D:2      | Reached XP level 3. HP: 35/40 MP: 3/3
  1447 | D:2      | Reached ** piety under Trog
  1895 | D:3      | Reached skill level 5 in Fighting
  1897 | D:3      | Reached XP level 4. HP: 50/50 MP: 4/4
  2932 | D:4      | Noticed an ogre
  2938 | D:4      | Killed an ogre
  2939 | D:4      | Reached skill level 6 in Fighting
  2939 | D:4      | Reached XP level 5. HP: 59/59 MP: 5/5
  2991 | D:4      | Found a staircase to the Ecumenical Temple.
  3077 | D:4      | Noticed Eustachio
  3353 | D:3      | Slain by a white imp

Illustrated notes

Levels and vault maps discovered:
D:1:      evilmike_arrival_rings, layout_basic,
          hellmonk_ecumenical_altar_run_dry, serial_park_tiny_1,
          serial_bayou_crossing
D:2:      layout_loops_ring
D:3:      layout_basic
D:4:      layout_rooms, lemuel_doored_altar, minmay_temple_entry_mist,
          uniq_eustachio

Skill      XL: |  1  2  3  4 |
---------------+-------------+-----
Dodging        | 3 4 |  4.1
Maces & Flails | 3 |  3.4
Fighting       | 5 6 |  6.1

Action                   |  1- 3 |  4- 6 || total
-------------------------+-------+-------++-------
Melee: Mace              |    87 |    66 ||   153
       Punch             |     1 |     2 ||     3
Invok: Berserk           |     1 |     3 ||     4
       Trog's Hand       |       |     1 ||     1
 Stab: Sleeping          |     1 |       ||     1
Armor: Animal skin       |    27 |    48 ||    75
Dodge: Dodged            |    57 |    96 ||   153
